 Seeded DCSS version 0.30-a0-279-g4b46babb21 (webtiles) character file.

Game seed: 9700494114414739991 (custom seed)

93 hikkokomori the Trooper (level 4, 29/29 HPs)
             Began as a Gargoyle Berserker on Oct 17, 2022.
             Was a Believer of Trog.
             Got out of the dungeon alive.
             The game lasted 00:02:38 (879 turns).

hikkokomori the Trooper (Gargoyle Berserker)         Turns: 879, Time: 00:02:38

Health: 29/29      AC:  5    Str: 21    XL:     4   Next: 62%
Magic:  4/4        EV: 12    Int:  7    God:    Trog [**....]
Gold:   2020       SH:  0    Dex: 11    Spells: 3/3 levels left

rFire   . . .      SeeInvis .    h - +2 flail (holy)
rCold   . . .      Faith    .    (no shield)
rNeg    + . .      Spirit   .    b - +0 animal skin
rPois   ∞          Reflect  .    (no helmet)
rElec   +          Harm     .    (no cloak)
rCorr   .          Rampage  .    (no gloves)
Will    .....                    (no boots)
Stlth   +.........               (no amulet)
HPRegen 0.24/turn                (no ring)
MPRegen 0.09/turn                (no ring)

@: no status effects
A: sickness immunity, AC +3, negative energy resistance 1, electricity
resistance, torment resistance 1, petrification resistance
a: Renounce Religion, Berserk, Trog's Hand


You escaped.
You worshipped Trog.
Trog was pleased with you.
You visited 1 branch of the dungeon, and saw 2 of its levels.

You collected 2020 gold pieces.

Inventory:

Hand Weapons
 a - a +0 hand axe
 h - a +2 flail of holy wrath (weapon)
Armour
 b - a +0 animal skin (worn)
Jewellery
 c - a ring of protection from cold
Scrolls
 d - a scroll of amnesia {unknown}
 i - 2 scrolls of teleportation {unknown}
 j - 2 scrolls of identify {unknown}
 k - a scroll of noise {unknown}
 l - a scroll of vulnerability {unknown}
 n - a scroll of fog {unknown}
Potions
 e - 3 potions of berserk rage {unknown}
 f - a potion of brilliance {unknown}
 g - a potion of attraction {unknown}


   Skills:
 + Level 4.0 Fighting
 + Level 3.3 Axes
 + Level 3.1 Armour
 + Level 2.3 Dodging


You had 3 spell levels left.
You didn't know any spells.
Your spell library was empty.

Dungeon Overview and Level Annotations

Branches:
Dungeon (2/15)

Altars:

Annotations:
D:2 Sigmund


Innate Abilities, Weirdness & Mutations

You are immune to sickness and miasma.
Your stone body is resilient. (AC +3)
You are immune to poison.
You resist negative energy. (rN+)
You are resistant to electric shocks. (rElec)
You are resistant to unholy torment.
You are immune to petrification.


Message History

You completely miss the giant cockroach.
The giant cockroach is moderately wounded.
The giant cockroach bites you but does no damage.
You sock the giant cockroach!
You kill the giant cockroach!
Trog accepts your kill.
You can now call upon Trog for regeneration and willpower.
No target in view!
A giant cockroach comes into view.
A giant cockroach is nearby!
A giant cockroach is nearby!
A giant cockroach is nearby!
A giant cockroach is nearby!
The giant cockroach misses you.
You thump the giant cockroach!
You kill the giant cockroach!
Trog accepts your kill.
No target in view!
No target in view!
No target in view!
Done exploring.
Done exploring.
Done exploring.
Done exploring.
Done exploring.
This is a scroll of acquirement!
Something appears at your feet! Something appears at your feet!
Something appears at your feet!
You now have 2020 gold pieces (gained 1961).
You open the door.
There is an open door here.
There is a staircase leading out of the dungeon here.
You can't go down here!
Are you sure you want to leave the Dungeon?
This will make you lose the game!
Alright, then stay!
Unknown command.
You can't go down here!
Are you sure you want to leave the Dungeon?
This will make you lose the game!
You have escaped!

#...## ###.#......###.
#.#..#####.#......# #.
#.##.......#.#....# ##
#.########........##
#..# #.........# ##.#
#.......#.## #.#
#....(.....## #.####
#...........#
######@######...#(.....
#...........#....(.....
##+####'####'#..##.##...
#..#.##.).......##.##...
#..........#######÷.###.
#.........## ##.####
#.........#########†....
#...............>..†..).
#.......).##############


There were no monsters in sight!

Vanquished Creatures
  Jessica (D:2)
  3 gnolls (D:2)
  2 dart slugs
  An endoplasm (D:1)
  3 giant cockroaches (D:1)
  2 goblins (D:1)
  3 hobgoblins (D:1)
  3 jackals (D:1)
  2 kobolds (D:1)
  3 quokkas
  A ball python (D:1)
  9 frilled lizards (D:1)
  A rat (D:2)
34 creatures vanquished.

Vanquished Creatures (others)
  7 plants (D:1)
7 creatures vanquished.

Grand Total: 41 creatures vanquished

Notes
Turn   | Place    | Note
-------+----------+-------------------------------------------
     0 | D:1      | hikkokomori the Gargoyle Berserker began the quest for the
                  | Orb.
     0 | D:1      | Reached XP level 1. HP: 14/14 MP: 1/1
    67 | D:1      | Reached XP level 2. HP: 19/19 MP: 2/2
   181 | D:1      | You fall into a shaft and drop 1 floor!
   274 | D:2      | Reached XP level 3. HP: 20/23 MP: 3/3
   387 | D:2      | Noticed Jessica
   393 | D:2      | Reached XP level 4. HP: 29/29 MP: 4/4
   397 | D:2      | Killed Jessica
   398 | D:2      | Reached skill level 4 in Fighting
   589 | D:2      | Noticed Sigmund
   741 | D:1      | Reached ** piety under Trog
   847 | D:1      | Identified 3 scrolls of acquirement
   847 | D:1      | Acquired 485 gold pieces
   848 | D:1      | Acquired 570 gold pieces
   849 | D:1      | Acquired 906 gold pieces
   879 | D:$      | Got out of the dungeon alive.

Illustrated notes

Levels and vault maps discovered:
D:1:      minmay_arrival_three_doors, layout_rooms, minmay_lizard_king
D:2:      layout_loops_corners, serial_shops, nicolae_diamond_shop,
          kennysheep_jessica_study, uniq_sigmund

Skill      XL: |  1  2  3  4 |
---------------+-------------+-----
Axes           | 3 |  3.3
Dodging        | 2 |  2.3
Fighting       | 4 |  4.0
Armour         | 3 |  3.1

Action                   |  1- 3 |  4- 6 || total
-------------------------+-------+-------++-------
Melee: Hand axe          |    55 |       ||    55
       Punch             |     1 |       ||     1
       Flail             |     2 |    31 ||    33
Invok: Berserk           |     3 |       ||     3
  Use: Scroll            |       |     3 ||     3
Armor: Animal skin       |    22 |    18 ||    40
Dodge: Dodged            |    31 |    30 ||    61

Table legend: (Time is in decaauts)
 A = Elapsed time spent in this place.
 B = Non-inter-level travel time spent in this place.
 C = Inter-level travel time spent in this place.
 D = Time resting spent in this place.
 E = Time spent auto-exploring this place.
 F = Levels seen in this place.
 G = Mean time per level.
                   A        B        C        D        E       F      G
               +--------+--------+--------+--------+--------+-----+--------+
         Total |    919 |    892 |     27 |      3 |    611 |   2 |  459.5 |
       Dungeon |    919 |    892 |     27 |      3 |    611 |   2 |  459.5 |
               +--------+--------+--------+--------+--------+-----+--------+

Top non-repeatable levels by time:
     D:1: 469 daAuts
     D:2: 449 daAuts
